cohdb
Replays
Latest Replays
All Replays
Popular Replays
Top Player Replays
Match Explorer
How It Works
Community
CoH3 Stats
Reddit
Sign in to upload your games and track your stats! →
Sign in with Steam
Match 44478411
Unlisted
Match 44478411
Overview
Messages
Build Orders
End
Panzergrenadier Squad
Selects Battlefield Espionage Battlegroup
Panzergrenadier Squad
250 Light Carrier
Panzergrenadier Squad
250 Light Carrier
Construct Light Support Kompanie
Selects Intel Disruption Beacon
Assault Mechanized Group
Panzerjäger Squad
Construct Mechanized Kompanie
Selects Plunder
Support Armor Elements
StuG III D Assault Gun
2.5-tonne Medical Truck
Marder III Tank Destroyer
Veteran Squad Leaders
Selects Firestorm
Selects 250/3 Funkpanzerwagen
Construct Panzerarmee Kommand
Firestorm
Armored Reserves
Vehicle Survival Package
Assault Grenadier Squad
Advanced Field Repairs
Selects Anti-Tank Incendiary Munitions
Tungsten Core Ammunition
Firestorm
Selects Operation Skorpion
Tiger Heavy Tank
Operation Skorpion
Firestorm
Emergency Repair Kits
StachuZawierucha
maahowl
Arturokq
Tacity
0
0
Comments
sign in to comment!
No comments posted yet!